AoeStats
← Dadao Wushi

Pilgrims

509290772Analyzed
4v4 RM · 5d ago on Sep 26, 2026· 53m 30s· 8 players
Game mode
Random Map
Map size
Large (8 player)
Population
200
Speed
Normal
Resources
Standard
Victory
Conquest
Starting age
Dark Age
Ending age
Imperial Age
RankedLock teamsTeams togetherTeam positionsShared explorationLock speedFull tech treeHidden civsTurbo modeCheats
Victory
Defeat
🇹🇼 Varangians · Taiwan
1267
+11
🇦🇿 Tupi · Azerbaijan
1108
+18
🇭🇰 Danes · Hong Kong SAR China
1069
+19
🇭🇰 Byzantines · Hong Kong SAR China
983
+23
🇨🇳 Celts · China
1198
-20
🇧🇷 Byzantines · Brazil
1152
-18
1148
-18
🇨🇳 Danes · China
1070
-15
VkA | Alphalone-
8:38 Loom
10:59 Feudal Age
19:23 Arson
19:41 Fishing Lines
20:36 Man-at-Arms
26:14 Double-Bit Axe
33:41 Castle Age
35:09 Squires
35:17 Gambesons
35:49 Forging
35:39 Scale Mail Armor
83716497273
13:18 Feudal Age
14:39 Wheelbarrow
14:13 Fishing Lines
16:34 Loom
16:53 Double-Bit Axe
18:40 Stone Mining
18:43 Gold Mining
22:35 Castle Age
23:38 Bow Saw
23:22 Fletching
26:25 Gold Shaft Mining
25:52 Town Watch
27:06 Bodkin Arrow
27:35 Ballistics
30:14 Clinker Construction
31:34 Horse Collar
35:13 Stone Mining
35:52 Careening
39:13 Imperial Age
kiyohime
4:06 Loom
11:40 Feudal Age
12:58 Wheelbarrow
12:19 Double-Bit Axe
12:21 Fishing Lines
12:57 Gold Mining
14:46 Horse Collar
20:04 Castle Age
18:10 Man-at-Arms
18:36 Arson
19:37 Forging
19:28 Scale Mail Armor
20:53 Heavy Plow
21:06 Bow Saw
20:38 Long Swordsman
21:04 Gambesons
22:31 Chain Mail Armor
26:54 Iron Casting
30:52 Gold Shaft Mining
30:09 Stone Mining
30:44 Hand Cart
32:28 Stone Shaft Mining
36:13 Ballistics
唐尚书右丞王维
4:05 Loom
15:16 Feudal Age
15:21 Man-at-Arms
20:10 Scale Mail Armor
23:37 Forging
27:20 Double-Bit Axe
30:54 Castle Age
Dadao Wushi
14:50 Feudal Age
16:34 Double-Bit Axe
18:53 Castle Age
20:12 Fishing Lines
20:45 Bow Saw
22:53 Stone Mining
22:57 Gillnets
24:14 Horse Collar
25:31 Heavy Plow
25:16 Pikeman
25:57 Squires
31:54 Imperial Age
30:02 Wheelbarrow
29:19 Gold Mining
29:48 Husbandry
30:30 Scale Barding Armor
30:35 Forging
33:53 Crop Rotation
34:24 Two-Man Saw
33:49 Chain Barding Armor
34:04 Iron Casting
34:07 Conscription
37:17 Elite Cataphract
38:08 Logistica
40:20 Plate Barding Armor
47:39 Fervor
48:01 Sanctity
50:50 Spies/Treason
I have Gun
4:54 Loom
13:59 Feudal Age
14:13 Champi Runner
15:39 Fletching
15:59 Forging
15:52 Scale Mail Armor
25:23 Double-Bit Axe
37:20 Castle Age
37:12 Wheelbarrow
39:04 Iron Casting
40:50 Champi Warrior
41:31 Squires
41:16 Arson
49:04 Gold Mining
49:25 Bow Saw
50:38 Horse Collar
50:49 Stone Mining
53:30 Hand Cart
53:29 Heavy Plow
54:05 Gold Shaft Mining
waitmanshu
4:22 Loom
14:41 Feudal Age
15:04 Horse Collar
15:13 Double-Bit Axe
20:53 Castle Age
22:05 Bow Saw
30:32 Imperial Age
28:36 Scale Barding Armor
28:41 Forging
29:16 Forging
30:00 Horse Collar
33:28 Two-Man Saw
34:11 Wheelbarrow
36:32 Hand Cart
36:42 Fletching
37:13 Chain Barding Armor
37:25 Bodkin Arrow
37:32 Bodkin Arrow
42:49 Conscription
46:26 Spies/Treason
48:00 Chain Barding Armor
48:16 Iron Casting
Futou Juhan
3:40 Loom
13:05 Feudal Age
14:26 Double-Bit Axe
16:08 Fletching
19:07 Castle Age
17:59 Gold Mining
20:25 Bow Saw
22:11 Stone Mining
23:41 Gold Shaft Mining
23:47 Wheelbarrow
24:01 Bodkin Arrow
27:00 Stone Shaft Mining
28:13 Padded Archer Armor
31:28 Hand Cart
41:29 Imperial Age
38:51 Town Watch
41:29 Ballistics
42:53 Capped Ram
44:24 Siege Engineers
44:58 Town Patrol
44:28 Siege Ram
45:25 Elite Longship
48:31 Spies/Treason
51:33 Chemistry
52:13 Heavy Mounted Crossbowman
52:15 Cranequins
53:40 Bracer
53:36 Heated Shot
54:04 Clinker Construction
Connection lost

Rejoining the realm…

Still unreachable

The connection could not be restored.

Session expired

The server has moved on; the page needs a fresh start.